PIO (24 & UNDER)
SALEM SLEDGEHAMMERS @ CHULA VISTA TACOS
09/19/2029
 
TOP OF THE 1ST
Salem Sledgehammers batting - Pitching for Chula Vista Tacos : RHP Hoyt Baldwin
Pitching: RHP Hoyt Baldwin
Batting: RHB Randall Luna 0-0: Bunt for hit - play at first, batter safe!
Batting: RHB Rich Crabtree 0-0: Ball
1-0: Called Strike
1-1: Ball
2-1: Swinging Strike
2-2: Foul Ball, location: 2F
2-2: Strikes out looking
Batting: LHB José Rivas 0-0: Ball
1-0: Ball
2-0: Ball
Randall Luna steals 2nd base
3-0: Called Strike
Balk!
Randall Luna to third
3-1: Swinging Strike
3-2: Strikes out looking
Batting: LHB Gary Cahill 0-0: Ball
1-0: Ball
2-0: Foul Ball, location: 2F
2-1: Swinging Strike
2-2: Ball
3-2: Base on Balls
Batting: RHB Rickey Núñez 0-0: SINGLE (Line Drive, 89S)
Randall Luna scores
Gary Cahill to second
Runner from 2nd tries for 3rd, SAFE, no throw
Batting: LHB Adrian Neal 0-0: Called Strike
0-1: Foul Ball, location: 2F
0-2: Ball
1-2: SINGLE (Groundball, 4) (infield hit)
Gary Cahill scores
Rickey Núñez to second
Batting: RHB Miguel Rodríguez 0-0: Called Strike
0-1: Ball
1-1: Fielders Choice at 2nd, 6-4 (Groundball, 6)
Top of the 1st over - 2 runs, 3 hits, 0 errors, 2 left on base; Salem 2 - Chula Vista 0
BOTTOM OF THE 1ST
Chula Vista Tacos batting - Pitching for Salem Sledgehammers : RHP Claude Cunningham
Pitching: RHP Claude Cunningham
Batting: SHB Tony Varela 0-0: Ground out U3 (Groundball, 3)
Batting: LHB Vernon Hill 0-0: Ball
1-0: Ball
2-0: Foul Ball, location: 2F
2-1: Swinging Strike
2-2: Ball
3-2: Fly out, F9 (Flyball, 9LM)
Batting: RHB Charles Walters 0-0: Ball
1-0: Ball
2-0: Foul Ball, location: 2F
2-1: Called Strike
2-2: Foul Ball, location: 2F
2-2: Ball
3-2: Base on Balls
Batting: RHB Juan García 0-0: Ball
1-0: Called Strike
1-1: Fielders Choice at 2nd, 6-4 (Groundball, 6)
Bottom of the 1st over - 0 runs, 0 hits, 0 errors, 1 left on base; Salem 2 - Chula Vista 0
TOP OF THE 2ND
Salem Sledgehammers batting - Pitching for Chula Vista Tacos : RHP Hoyt Baldwin
Batting: RHB José González 0-0: Called Strike
0-1: Ball
1-1: Swinging Strike
1-2: Ball
2-2: Foul Ball, location: 2F
2-2: Ball
3-2: Foul Ball, location: 2F
3-2: Foul Ball, location: 2F
3-2: Strikes out swinging, 2-3 out at first.
Batting: RHB Pedro García 0-0: Ball
1-0: Ball
2-0: Called Strike
2-1: Ground out 4-3 (Groundball, 34)
Batting: RHB Randall Luna 0-0: Foul Ball, location: 2F
0-1: Bunt for hit - play at first, batter safe!
Batting: RHB Rich Crabtree 0-0: Ball
1-0: Ball
2-0: Foul Ball, location: 2F
2-1: Ball
3-1: 2-RUN HOME RUN (Flyball, 7D), Distance : 398 ft
Batting: LHB José Rivas 0-0: Called Strike
0-1: Ball
1-1: Ball
2-1: DOUBLE (Flyball, 8LXD)
Batting: LHB Gary Cahill 0-0: Ball
1-0: Fly out, F7 (Flyball, 78S)
Top of the 2nd over - 2 runs, 3 hits, 0 errors, 1 left on base; Salem 4 - Chula Vista 0
BOTTOM OF THE 2ND
Chula Vista Tacos batting - Pitching for Salem Sledgehammers : RHP Claude Cunningham
Batting: LHB Jean Beauchemin 0-0: Called Strike
0-1: Ground out 6-3 (Groundball, 6)
Batting: RHB Eric Green 0-0: Foul Ball, location: 2F
0-1: Foul Ball, location: 2F
0-2: Ball
1-2: Foul Ball, location: 2F
1-2: Fly out, F9 (Flyball, 9S)
Batting: LHB Joe Lowery 0-0: Fly out, F8 (Flyball, 8LM)
Bottom of the 2nd over - 0 runs, 0 hits, 0 errors, 0 left on base; Salem 4 - Chula Vista 0
TOP OF THE 3RD
Salem Sledgehammers batting - Pitching for Chula Vista Tacos : RHP Hoyt Baldwin
Batting: RHB Rickey Núñez 0-0: Foul Ball, location: 2F
0-1: Ground out 6-3 (Groundball, 6D)
Batting: LHB Adrian Neal 0-0: Ground out U3 (Groundball, 3S)
Batting: RHB Miguel Rodríguez 0-0: Foul Ball, location: 2F
0-1: Ball
1-1: SINGLE (Groundball, 6MD)
Batting: RHB José González 0-0: Ball
Wild Pitch!
Miguel Rodríguez to second
1-0: Ball
2-0: Called Strike
2-1: Fly out, F8 (Flyball, 8LM)
Top of the 3rd over - 0 runs, 1 hit, 0 errors, 1 left on base; Salem 4 - Chula Vista 0
BOTTOM OF THE 3RD
Chula Vista Tacos batting - Pitching for Salem Sledgehammers : RHP Claude Cunningham
Batting: RHB Gonzalo García 0-0: Called Strike
0-1: Foul Ball, location: 2F
0-2: Strikes out swinging
Batting: RHB Juan Vélez 0-0: Ball
1-0: Foul Ball, location: 2F
1-1: Fly out, F7 (Flyball, 7S)
Batting: SHB Tony Varela 0-0: Called Strike
0-1: Swinging Strike
0-2: Ball
1-2: Ball
2-2: Foul Ball, location: 2F
2-2: Strikes out looking
Bottom of the 3rd over - 0 runs, 0 hits, 0 errors, 0 left on base; Salem 4 - Chula Vista 0
TOP OF THE 4TH
Salem Sledgehammers batting - Pitching for Chula Vista Tacos : RHP Hoyt Baldwin
Batting: RHB Pedro García 0-0: Ball
1-0: Swinging Strike
1-1: Foul Ball, location: 2F
1-2: Strikes out looking
Batting: RHB Randall Luna 0-0: Ball
1-0: Called Strike
1-1: Fly out, F9 (Flyball, 9D)
Batting: RHB Rich Crabtree 0-0: Foul Ball, location: 2F
0-1: Foul Ball, location: 2F
0-2: Ground out 6-3 (Groundball, 6S)
Top of the 4th over - 0 runs, 0 hits, 0 errors, 0 left on base; Salem 4 - Chula Vista 0
BOTTOM OF THE 4TH
Chula Vista Tacos batting - Pitching for Salem Sledgehammers : RHP Claude Cunningham
Batting: LHB Vernon Hill 0-0: Swinging Strike
0-1: Ball
1-1: Ball
2-1: Called Strike
2-2: DOUBLE (Groundball, 3L)
Batting: RHB Charles Walters 0-0: Ground out 6-3 (Groundball, 6)
Vernon Hill to third
Batting: RHB Juan García 0-0: Ball
1-0: Ball
2-0: Ball
3-0: Base on Balls
Batting: LHB Jean Beauchemin 0-0: Swinging Strike
0-1: Ball
1-1: Ball
2-1: Called Strike
2-2: Ball
3-2: Strikes out looking
Batting: RHB Eric Green 0-0: Foul Ball, location: 2F
0-1: Called Strike
0-2: Strikes out swinging
Bottom of the 4th over - 0 runs, 1 hit, 0 errors, 2 left on base; Salem 4 - Chula Vista 0
TOP OF THE 5TH
Salem Sledgehammers batting - Pitching for Chula Vista Tacos : RHP Hoyt Baldwin
Batting: LHB José Rivas 0-0: Ball
1-0: Foul Ball, location: 2F
1-1: Ball
2-1: SINGLE (Line Drive, 78S)
Batting: LHB Gary Cahill 0-0: Called Strike
0-1: Ball
José Rivas steals 2nd base
1-1: Ball
2-1: Ball
3-1: Base on Balls
Pitching: RHP Manuel Hernández
Batting: RHB Rickey Núñez 0-0: Called Strike
0-1: Ball
1-1: Swinging Strike
1-2: Strikes out swinging
Batting: LHB Adrian Neal 0-0: Ball
1-0: Ball
2-0: Ball
3-0: Foul Ball, location: 2F
3-1: Base on Balls
José Rivas to third
Gary Cahill to second
Batting: RHB Miguel Rodríguez 0-0: Ball
1-0: SINGLE (Groundball, 6MD)
José Rivas scores
Gary Cahill to third
Adrian Neal to second
Runner from 3rd tries for Home, SAFE, no throw
Batting: RHB José González 0-0: Foul Ball, location: 2F
0-1: Foul Ball, location: 2F
0-2: Ball
1-2: Ball
2-2: Grounds into double play, 4-6-3 (Groundball, 34)
Top of the 5th over - 2 runs, 2 hits, 0 errors, 1 left on base; Salem 6 - Chula Vista 0
BOTTOM OF THE 5TH
Chula Vista Tacos batting - Pitching for Salem Sledgehammers : RHP Claude Cunningham
Batting: LHB Joe Lowery 0-0: Ball
1-0: Fly out, F6 (Line Drive, 6M)
Batting: RHB Gonzalo García 0-0: Called Strike
0-1: Called Strike
0-2: Ball
1-2: SINGLE (Line Drive, 89S)
Batting: RHB Juan Vélez 0-0: Called Strike
0-1: Foul Ball, location: 2F
0-2: Hit by Pitch
Gonzalo García to second
Batting: SHB Tony Varela 0-0: Ball
1-0: Ball
2-0: Swinging Strike
2-1: Foul Ball, location: 2F
2-2: Fly out, F6 (Popup, 6)
Batting: LHB Vernon Hill 0-0: Ball
1-0: Foul Ball, location: 2F
1-1: Ball
2-1: Called Strike
2-2: Foul Ball, location: 2F
2-2: Strikes out swinging
Bottom of the 5th over - 0 runs, 1 hit, 0 errors, 2 left on base; Salem 6 - Chula Vista 0
TOP OF THE 6TH
Salem Sledgehammers batting - Pitching for Chula Vista Tacos : RHP Manuel Hernández
Batting: RHB Pedro García 0-0: Ball
1-0: Ball
2-0: Ball
3-0: Base on Balls
Batting: RHB Randall Luna 0-0: Ball
1-0: Called Strike
1-1: Ball
2-1: Ball
3-1: Base on Balls
Pedro García to second
Batting: RHB Rich Crabtree 0-0: Ball
1-0: Swinging Strike
1-1: 3-RUN HOME RUN (Flyball, 9LD), Distance : 374 ft
Batting: LHB José Rivas 0-0: Ball
1-0: SINGLE (Flyball, 78S)
Batting: LHB Gary Cahill 0-0: Ball
José Rivas steals 2nd base
1-0: Foul Ball, location: 2F
1-1: DOUBLE (Line Drive, 78XD)
José Rivas scores
Batting: RHB Rickey Núñez 0-0: Ball
1-0: Foul Ball, location: 2F
1-1: Foul Ball, location: 2F
1-2: Ball
2-2: Ball
3-2: SINGLE (Line Drive, 56D)
Gary Cahill to third
Batting: LHB Adrian Neal 0-0: SINGLE (Groundball, 34D)
Gary Cahill scores
Rickey Núñez to second
Runner from 2nd tries for 3rd, SAFE, no throw
Batting: RHB Miguel Rodríguez 0-0: Ball
1-0: Swinging Strike
1-1: Foul Ball, location: 2F
1-2: SINGLE (Groundball, 4) (infield hit)
Rickey Núñez scores
Adrian Neal to second
Batting: RHB José González 0-0: Called Strike
0-1: Foul Ball, location: 2F
0-2: Ball
1-2: TRIPLE (Flyball, 89XD)
Adrian Neal scores
Miguel Rodríguez scores
Batting: RHB Pedro García 0-0: Called Strike
0-1: Foul Ball, location: 2F
0-2: Strikes out swinging
Batting: RHB Randall Luna 0-0: Ball
1-0: Ball
2-0: Ground out 6-3 (Groundball, 6)
José González scores
Batting: RHB Rich Crabtree 0-0: Ball
1-0: Ball
2-0: Ball
3-0: Called Strike
3-1: Base on Balls
Batting: LHB José Rivas 0-0: Called Strike
0-1: Swinging Strike
0-2: SINGLE (Groundball, 56S) (infield hit)
Rich Crabtree to second
Batting: LHB Gary Cahill 0-0: Called Strike
0-1: Ball
1-1: Foul Ball, location: 2F
1-2: Foul Ball, location: 2F
1-2: Ball
2-2: Foul Ball, location: 2F
2-2: Fly out, F7 (Flyball, 7D)
Top of the 6th over - 9 runs, 8 hits, 0 errors, 2 left on base; Salem 15 - Chula Vista 0
BOTTOM OF THE 6TH
Chula Vista Tacos batting - Pitching for Salem Sledgehammers : RHP Claude Cunningham
Batting: RHB Charles Walters 0-0: Ground out 3-1 (Groundball, 34)
Batting: RHB Juan García 0-0: Ball
1-0: SINGLE (Flyball, 89M)
Batting: LHB Jean Beauchemin 0-0: Ball
1-0: Fielders Choice at 2nd, 6-4 (Groundball, 6)
Batting: RHB Eric Green 0-0: Ball
1-0: Called Strike
1-1: Ball
2-1: Ground out 6-3 (Groundball, 6S)
Bottom of the 6th over - 0 runs, 1 hit, 0 errors, 1 left on base; Salem 15 - Chula Vista 0
TOP OF THE 7TH
Salem Sledgehammers batting - Pitching for Chula Vista Tacos : RHP Manuel Hernández
Batting: RHB Rickey Núñez 0-0: Fly out, F9 (Line Drive, 9S)
Batting: LHB Adrian Neal 0-0: Ball
1-0: Foul Ball, location: 2F
1-1: Swinging Strike
1-2: Ball
2-2: Foul Ball, location: 2F
2-2: Ball
3-2: Strikes out swinging
Batting: RHB Miguel Rodríguez 0-0: Ball
1-0: Foul Ball, location: 2F
1-1: Foul Ball, location: 2F
1-2: Ball
2-2: Fly out, F4 (Flyball, 4D)
Top of the 7th over - 0 runs, 0 hits, 0 errors, 0 left on base; Salem 15 - Chula Vista 0
BOTTOM OF THE 7TH
Chula Vista Tacos batting - Pitching for Salem Sledgehammers : RHP Claude Cunningham
Batting: LHB Joe Lowery 0-0: Ball
1-0: Ball
2-0: Called Strike
2-1: Called Strike
2-2: Strikes out looking
Batting: RHB Gonzalo García 0-0: Foul Ball, location: 2F
0-1: Ball
1-1: Foul Ball, location: 2F
1-2: Fly out, F4 (Line Drive, 4)
Pinch Hitting: RHB Preston Wooten 0-0: SINGLE (Line Drive, 56)
Batting: SHB Tony Varela
Pinch Hitting: RHB Germán Ontiveros 0-0: Foul Ball, location: 2F
0-1: Ball
1-1: Swinging Strike
1-2: SINGLE (Groundball, 6MD)
Preston Wooten to second
Runner from 2nd tries for 3rd, SAFE, no throw
Batting: LHB Vernon Hill 0-0: Foul Ball, location: 2F
0-1: Ball
1-1: Swinging Strike
1-2: Ground out 1-3 (Groundball, 13S)
Bottom of the 7th over - 0 runs, 2 hits, 0 errors, 2 left on base; Salem 15 - Chula Vista 0
TOP OF THE 8TH
Salem Sledgehammers batting - Pitching for Chula Vista Tacos : RHP Manuel Hernández
Pitching: LHP Alberto Colón
Now at 2B: Preston Wooten
Now at 3B: Germán Ontiveros
Batting: RHB José González 0-0: Foul Ball, location: 2F
0-1: TRIPLE (Flyball, 9LD)
Batting: RHB Pedro García 0-0: Called Strike
0-1: Called Strike
0-2: Ball
1-2: SINGLE (Line Drive, 8RS)
José González scores
Batting: RHB Randall Luna 0-0: Fly out, F7 (Flyball, 7LSF)
Batting: RHB Rich Crabtree 0-0: Ball
1-0: Ball
2-0: Ball
3-0: Called Strike
3-1: Base on Balls
Pedro García to second
Batting: LHB José Rivas 0-0: Ball
1-0: Called Strike
1-1: Fly out, F8 (Flyball, 8RXD)
Runner from 2nd tags up, SAFE at 3rd, no throw
Batting: LHB Gary Cahill 0-0: Foul Ball, location: 2F
0-1: Swinging Strike
0-2: Foul Ball, location: 2F
0-2: Ball
1-2: Fly out, F9 (Flyball, 89D)
Top of the 8th over - 1 run, 2 hits, 0 errors, 2 left on base; Salem 16 - Chula Vista 0
BOTTOM OF THE 8TH
Chula Vista Tacos batting - Pitching for Salem Sledgehammers : RHP Claude Cunningham
Batting: RHB Charles Walters 0-0: Swinging Strike
0-1: Ball
1-1: Foul Ball, location: 2F
1-2: Ball
2-2: Foul Ball, location: 2F
2-2: Strikes out swinging
Batting: RHB Juan García 0-0: Ground out 4-3 (Groundball, 4S)
Batting: LHB Jean Beauchemin 0-0: Ball
1-0: Ball
2-0: Called Strike
2-1: Ball
3-1: Foul Ball, location: 2F
3-2: Strikes out swinging
Bottom of the 8th over - 0 runs, 0 hits, 0 errors, 0 left on base; Salem 16 - Chula Vista 0
TOP OF THE 9TH
Salem Sledgehammers batting - Pitching for Chula Vista Tacos : LHP Alberto Colón
Batting: RHB Rickey Núñez 0-0: Ball
1-0: Foul Ball, location: 2F
1-1: Ball
2-1: Ball
3-1: Ground out 5-3 (Groundball, 5S)
Batting: LHB Adrian Neal 0-0: Called Strike
0-1: Swinging Strike
0-2: Foul Ball, location: 2F
0-2: Ball
1-2: Foul Ball, location: 2F
1-2: SINGLE (Groundball, 4MD)
Batting: RHB Miguel Rodríguez 0-0: Called Strike
0-1: Ball
1-1: Ground out 5-3 (Groundball, 56S)
Adrian Neal to second
Batting: RHB José González 0-0: Called Strike
0-1: Ball
1-1: Swinging Strike
1-2: Foul Ball, location: 2F
1-2: Reached on error, E6 (Groundball, 56)
Adrian Neal to third
Pinch Hitting: RHB Adam Davis 0-0: Called Strike
0-1: Ball
José González steals 2nd base
1-1: Foul Ball, location: 2F
1-2: Strikes out swinging
Top of the 9th over - 0 runs, 1 hit, 1 error, 2 left on base; Salem 16 - Chula Vista 0
BOTTOM OF THE 9TH
Chula Vista Tacos batting - Pitching for Salem Sledgehammers : RHP Claude Cunningham
Now at C: Michael Gibson
Batting: RHB Eric Green 0-0: Called Strike
0-1: Called Strike
0-2: Strikes out looking
Batting: LHB Joe Lowery 0-0: Foul Ball, location: 2F
0-1: Ball
1-1: Ball
2-1: SINGLE (Line Drive, 7LM)
Batting: RHB Gonzalo García 0-0: Ball
1-0: Ball
2-0: Swinging Strike
2-1: Ball
3-1: Base on Balls
Joe Lowery to second
Batting: RHB Preston Wooten 0-0: Called Strike
0-1: Ball
1-1: Fly out, F5 (Line Drive, 56)
Batting: RHB Germán Ontiveros 0-0: Ball
1-0: Called Strike
1-1: SINGLE (Groundball, 34) (infield hit)
Joe Lowery to third
Gonzalo García to second
Batting: LHB Vernon Hill 0-0: Ball
1-0: Ball
2-0: SINGLE (Line Drive, 34)
Joe Lowery scores
Gonzalo García to third
Germán Ontiveros to second
Pitching: RHP Carlos Rodríguez
Batting: RHB Charles Walters 0-0: Called Strike
0-1: Ball
1-1: Swinging Strike
1-2: Ball
2-2: Ground out U3 (Groundball, 3)
Bottom of the 9th over - 1 run, 3 hits, 0 errors, 3 left on base; Salem 16 - Chula Vista 1
Saturday, December 16th, 2017 - OOTP Baseball 18.8 Build 76